 Dungeon Crawl Stone Soup version 0.23-a0-819-g6debee6 (webtiles) character file.

569 ohad the Changer (level 7, 0/52 HPs)
             Began as a Green Draconian Transmuter on Jan 22, 2019.
             Shot with an arrow by a centaur (13 damage)
             ... on level 5 of the Dungeon.
             The game lasted 00:13:54 (4332 turns).

ohad the Changer (Green Draconian Transmuter)       Turns: 4332, Time: 00:13:54

Health: 0/52       AC:  2    Str: 12    XL:     7   Next: 11%
Magic:  6/10       EV: 23    Int: 16    God:
Gold:   218        SH:  0    Dex: 16    Spells: 0/10 levels left

rFire    . . .     SeeInvis .     - Unarmed
rCold    . . .     Gourm    .   (shield currently unavailable)
rNeg     . . .     Faith    .   (armour unavailable)
rPois    x         Spirit   .   (helmet currently unavailable)
rElec    .         Reflect  .   (cloak currently unavailable)
rCorr    .         Harm     .   (gloves currently unavailable)
MR       .....                  (boots currently unavailable)
Stlth    +.........             (no amulet)
HPRegen  0.17/turn              d - +4 ring of evasion
MPRegen  0.12/turn              (no ring)

@: short of breath, spider-form (expiring)
A: tiny, (breathe noxious fumes), unfitting armour, AC +6
a: End Transformation


You were on level 5 of the Dungeon.
You were not hungry.
You were a venomous arachnid creature.
You visited 1 branch of the dungeon, and saw 5 of its levels.

You collected 218 gold pieces.

Inventory:

Hand Weapons
 k - a +0 whip of distortion
 t - a +2 hand axe of flaming
Missiles
 a - 40 arrows
Armour
 p - a scarf of resistance
 u - a +1 cloak (melded)
Jewellery
 d - a +4 ring of evasion (left front leg)
Wands
 h - a wand of flame (17)
Scrolls
 b - a scroll of enchant weapon {unknown}
 e - 2 scrolls of teleportation
 f - 2 scrolls of remove curse {unknown}
 g - 3 scrolls of fear {unknown}
 j - 3 scrolls of identify {unknown}
 n - a scroll of fog {unknown}
 o - a scroll of enchant armour
 q - 2 scrolls of amnesia {unknown}
 r - a scroll of magic mapping {unknown}
 w - a scroll of random uselessness {unknown}
Potions
 i - 3 potions of lignification {unknown}
 l - a potion of curing {unknown}
 m - a potion of flight {unknown}
 s - a potion of cancellation {unknown}
Comestibles
 c - 8 rations
 v - 3 chunks of flesh


   Skills:
 - Level 1.1 Fighting
 - Level 1.7 Dodging
 - Level 3.0 Unarmed Combat
 - Level 2.0 Spellcasting
 - Level 7.9 Transmutations
 + Level 0.2 Ice Magic


You couldn't memorise any spells.
You knew the following spells:

 Your Spells              Type           Power        Failure   Level  Hunger
a - Beastly Appendage     Tmut           ####..       4%          1    #......
b - Sticks to Snakes      Tmut           ####....     6%          2    ###....
c - Spider Form           Tmut/Pois      ##........   28%         3    ###....
d - Ice Form              Ice/Tmut       ##......     58%         4    #####..

Your spell library contained the following spells:

 Spells                   Type           Power        Failure   Level  Hunger
 Corona                   Hex            #......      41%         1    #......
 Blade Hands              Tmut           ####......   43%         5    ######.


Dungeon Overview and Level Annotations

Branches:
Dungeon (5/15)
 Temple: D:4-7

Altars:
Ashenzari
Kikubaaqudgha
Sif Muna
Trog
Vehumet
Xom

Annotations:
D:5 Ijyb


Innate Abilities, Weirdness & Mutations

((You can breathe blasts of noxious fumes.))
((Your lurid green scales are hard. (AC +6)))
You cannot fit into any form of body armour.
((Your system is resistant to poisons. (rPois)))
((You are cold-blooded and may be slowed by cold attacks.))


Message History

The arrow completely misses you.
The centaur wields a +0 shortbow.
The centaur shoots an arrow.
The arrow hits you.
You see here 2 arrows.
Unknown command.
The centaur shoots an arrow.
The arrow hits you.
You see here an arrow.
Your transformation is almost over.
The centaur shoots an arrow.
The arrow hits you.
* * * LOW HITPOINT WARNING * * *
You see here an arrow.
The centaur shoots an arrow.
The arrow misses you.
You see here an arrow.
The centaur shoots an arrow.
The arrow misses you.
The centaur shoots an arrow.
The arrow closely misses you.
You see here an arrow.
The centaur shoots an arrow.
The arrow misses you.
The centaur shoots an arrow.
The arrow misses you.
You see here an arrow.
The centaur shoots an arrow.
The arrow hits you!
You die...

#.........((.......
#.###.#...#c.......
#.##....(c.........
#.###.##(c.........
#.....##(##..####..#.
########.##..####..#.
########...............
.........(.(..........#
######.###s##..####..#
#.# #.##..# #..#
#####.###.##..####..#
#...............[...#
#####...............#
#.........###...# #
#.........# #..##.##.#
#.........# #)<.......
#.........###..##.##.#


You could see 2 centaurs.

Vanquished Creatures
  Grinder (D:3)
  An orc wizard (D:3)
  A hound (D:4)
  A jelly (D:5)
  A gnoll shaman (D:3)
  2 worker ants
  3 gnolls (D:3)
  3 adders
  2 oozes
  4 worms
  A dart slug (D:1)
  4 leopard geckos
  6 orcs
  2 ball pythons (D:3)
  9 bats
  3 giant cockroaches
  4 goblins
  7 hobgoblins
  13 jackals
  2 quokkas (D:3)
  9 frilled lizards
  8 kobolds
  9 rats
96 creatures vanquished.

Vanquished Creatures (collateral kills)
  An ogre (D:5)
  An adder (D:2)
2 creatures vanquished.

Vanquished Creatures (others)
  A fungus (D:3)
  A plant (D:3)
2 creatures vanquished.

Grand Total: 100 creatures vanquished

Notes
Turn   | Place    | Note
-------+----------+-------------------------------------------
     0 | D:1      | ohad the Draconian Transmuter began the quest for the Orb.
     0 | D:1      | Reached XP level 1. HP: 16/16 MP: 3/3
   247 | D:1      | Reached XP level 2. HP: 19/23 MP: 3/5
   251 | D:1      | Learned a level 2 spell: Sticks to Snakes
   384 | D:1      | Reached skill level 3 in Transmutations
   762 | D:1      | Reached XP level 3. HP: 20/28 MP: 6/6
   767 | D:1      | Learned a level 3 spell: Spider Form
  1224 | D:2      | Reached skill level 4 in Transmutations
  1480 | D:2      | Reached XP level 4. HP: 35/35 MP: 7/7
  2464 | D:3      | Noticed Grinder
  2470 | D:3      | Paralysed by Grinder for 3 turns
  2482 | D:3      | Killed Grinder
  2482 | D:3      | Reached skill level 6 in Transmutations
  2482 | D:3      | Reached XP level 5. HP: 40/40 MP: 1/8
  2584 | D:3      | Reached XP level 6. HP: 34/47 MP: 6/9
  2630 | D:3      | Found a deep blue altar of Sif Muna.
  2630 | D:3      | Found an ancient bone altar of Kikubaaqudgha.
  2633 | D:3      | Found a radiant altar of Vehumet.
  2789 | D:3      | Identified Sif Muna's Tome of Bewitchment
  2944 | D:3      | Reached skill level 7 in Transmutations
  3279 | D:3      | Found a shattered altar of Ashenzari.
  3284 | D:3      | Saw a vision of the Swamp and the Snake Pit.
  3284 | D:3      | Noticed a water moccasin
  3284 | D:3      | Noticed a naga ritualist
  3284 | D:3      | Noticed an alligator
  3284 | D:3      | Noticed an alligator
  3284 | D:3      | Noticed a naga sharpshooter
  3284 | D:3      | Noticed a mana viper
  3284 | D:3      | Noticed a swamp drake
  3284 | D:3      | Noticed an alligator
  3284 | D:3      | Noticed a naga sharpshooter
  3284 | D:3      | Noticed a black mamba
  3284 | D:3      | Noticed a black mamba
  3285 | D:3      | Noticed a hornet
  3285 | D:3      | Noticed a swamp drake
  3285 | D:3      | Noticed a naga
  3286 | D:3      | Noticed a naga ritualist
  3543 | D:4      | Found a bloodstained altar of Trog.
  3855 | D:4      | Found a shimmering altar of Xom.
  4004 | D:5      | Entered Level 5 of the Dungeon
  4181 | D:5      | Your scales start taking on a lurid green colour.
  4181 | D:5      | Reached XP level 7. HP: 41/52 MP: 3/10
  4181 | D:5      | Gained mutation: Your system is resistant to poisons.
                  | (rPois) [Green Draconian growth]
  4242 | D:5      | Learned a level 4 spell: Ice Form
  4301 | D:5      | Noticed Ijyb
  4332 | D:5      | Shot with an arrow by a centaur

Vault maps used:
D:1:      minmay_arrival_glassed_features, minmay_door_square,
          chequers_decorated_corner
D:2:      first_ration
D:3:      grunt_temple_overflow_magic_moments, grunt_ashenzari_visionary,
          uniq_grinder
D:4:      lemuel_crystal_altar, bloody_trog
D:5:      minmay_overflow_temple_star_quad, uniq_ijyb

Skill      XL: |  1  2  3  4  5  6 |
---------------+-------------------+-----
Transmutations | 3 4 6 7 |  7.9
Fighting       | |  1.1
Dodging        | |  1.7
Unarmed Combat | |  3.0
Spellcasting   | |  2.0
Ice Magic      | |  0.2

Action                   |  1- 3 |  4- 6 |  7- 9 || total
-------------------------+-------+-------+-------++-------
Melee: Unarmed           |   166 |   178 |     6 ||   350
       Kick              |    10 |     3 |       ||    13
       Tailslap          |    13 |     3 |       ||    16
       Headbutt          |     1 |     2 |       ||     3
 Cast: Beastly Appendage |    13 |     5 |       ||    18
       Spider Form       |     1 |    18 |     2 ||    21
       Sticks to Snakes  |       |     9 |       ||     9
 Abil: Breathe Noxious F |       |       |     1 ||     1
  Use: Scroll            |       |     2 |       ||     2
 Stab: Distracted        |       |     1 |       ||     1
       Sleeping          |       |     2 |       ||     2
  Eat: Chunk             |     3 |     9 |     3 ||    15
Armor: Skin              |    55 |    22 |       ||    77
Dodge: Dodged            |   147 |   154 |     9 ||   310

Table legend:
 A = Non-vault XP
 B = Vault XP
 C = Vault XP percentage of total XP
 D = Non-vault monster count
 E = Vault monster count
 F = Vault count percentage of total count
                 A         B        C        D         E       F
            +---------+---------+-------+---------+---------+-------
      Total |     597 |     216 |  26.6 |      97 |       1 |   1.0
            +---------+---------+-------+---------+---------+-------
        D:1 |      60 |       0 |   0.0 |      32 |       0 |   0.0
        D:2 |      76 |       0 |   0.0 |      25 |       0 |   0.0
        D:3 |     222 |     216 |  49.3 |      28 |       1 |   3.4
        D:4 |      90 |       0 |   0.0 |       8 |       0 |   0.0
        D:5 |     149 |       0 |   0.0 |       4 |       0 |   0.0
            +---------+---------+-------+---------+---------+-------
